 Dungeon Crawl Stone Soup version 0.30-a0-311-gf115ab0292 (webtiles) character file.

Game seed: 13280106835514748400

19 purpskrrrp the Charlatan (level 2, 0/29 HPs)
             Began as a Gnoll Wanderer on Oct 25, 2022.
             Slain by a worm (9 damage)
             ... on level 2 of the Dungeon.
             The game lasted 00:00:55 (859 turns).

purpskrrrp the Charlatan (Gnoll Wanderer)            Turns: 859, Time: 00:00:56

Health: 0/29       AC:  4    Str: 12    XL:     2   Next: 75%
Magic:  2/2        EV:  8    Int: 10    God:
Gold:   40         SH:  0    Dex: 11    Spells: 2/2 levels left

rFire   . . .      SeeInvis .    e - +2 whip (elec)
rCold   . . .      Faith    .    (no shield)
rNeg    . . .      Spirit   .    d - +1 leather armour
rPois   .          Reflect  .    (no helmet)
rElec   .          Harm     .    (no cloak)
rCorr   .          Rampage  .    (no gloves)
Will    .....                    (no boots)
Stlth   +.........               (no amulet)
HPRegen 0.24/turn                (no ring)
MPRegen 0.08/turn                (no ring)

@: lethally poisoned (0 -> -13), constricted
A: fangs 1, strong nose, distributed training
a: no special abilities


You were on level 2 of the Dungeon.
You visited 1 branch of the dungeon, and saw 2 of its levels.

You collected 40 gold pieces.

Inventory:

Hand Weapons
 a - a +1 trident
 e - a +2 whip of electrocution (weapon)
Armour
 d - a +1 leather armour (worn)
Jewellery
 g - a ring of see invisible
Wands
 b - a wand of polymorph (7) (quivered)
Scrolls
 f - a scroll of enchant armour
 i - a scroll of vulnerability {unknown}
Potions
 c - a potion of lignification
 h - 2 potions of brilliance {unknown}
 j - a potion of haste {unknown}
 k - a potion of resistance {unknown}
 l - a potion of heal wounds {unknown}


   Skills:
 + Level 6.5 Fighting
 + Level 0.5 Short Blades
 + Level 0.5 Long Blades
 + Level 0.5 Axes
 + Level 0.5 Maces & Flails
 + Level 6.5 Polearms
 + Level 0.5 Staves
 + Level 0.5 Ranged Weapons
 + Level 0.5 Throwing
 + Level 2.5 Armour
 + Level 0.5 Dodging
 + Level 0.5 Stealth
 + Level 0.5 Shields
 + Level 0.5 Unarmed Combat
 + Level 0.5 Spellcasting
 + Level 0.4 Conjurations
 + Level 0.4 Hexes
 + Level 0.4 Summonings
 + Level 0.4 Necromancy
 + Level 0.4 Translocations
 + Level 0.4 Transmutations
 + Level 0.4 Fire Magic
 + Level 0.4 Ice Magic
 + Level 0.4 Air Magic
 + Level 0.4 Earth Magic
 + Level 0.4 Poison Magic
 + Level 0.7 Invocations
 + Level 6.5 Evocations


You had 2 spell levels left.
You didn't know any spells.
Your spell library was empty.

Dungeon Overview and Level Annotations

Branches:
Dungeon (2/15)

Altars:


Innate Abilities, Weirdness & Mutations

You have very sharp teeth.
Your uncanny sense of smell can sniff out nearby items.
Your experience applies equally to all skills.


Message History

You are poisoned.
The worm barely misses you.
You barely miss the worm. You bite the worm, but do no damage.
The worm is severely wounded.
You feel very sick. The giant cockroach bites you.
The goblin hits you with a +1 dagger of venom.
You are lethally poisoned!
A kobold comes into view. It is wielding a +0 short sword.
The adder bites you.
You are too injured to fight recklessly!
You are too injured to fight recklessly!
You are too injured to fight recklessly!
You are too injured to fight recklessly!
You are too injured to fight recklessly!
You are too injured to fight recklessly!
You are too injured to fight recklessly!
You are too injured to fight recklessly!
You are too injured to fight recklessly!
You are too injured to fight recklessly!
You are too injured to fight recklessly!
You are too injured to fight recklessly!
You are too injured to fight recklessly!
You are too injured to fight recklessly!
You are too injured to fight recklessly!
You are too injured to fight recklessly!
You are too injured to fight recklessly!
You are too injured to fight recklessly!
You are too injured to fight recklessly!
You are too injured to fight recklessly!
As you read the scroll labelled EZAVAO KOKLIEGROU, it crumbles to dust.
It is a scroll of enchant armour.
Your +0 leather armour glows green for a moment.
You feel very sick.
The kobold shouts!
The giant cockroach bites you but does no damage.
The ball python barely misses you. The ball python grabs you.
The ball python constricts you. The adder bites you.
The goblin closely misses you. The worm bites you!
You die...

###.####........
...............# #......
.........#... .......
........##...) .....#
......<.##.<..∆ .....#.
.....)......... .......
...............##.......
#####.#.........wg......
#.######....@S...... #.#
#..$B.S...... ..
##........$.. ..
...........K.
#..>..........
#..............
...........##..
............ ##


You could see a worm, an adder, a giant cockroach, a goblin, a ball python and a
kobold.

Vanquished Creatures
  A dart slug (D:2)
  2 endoplasms
  A goblin (D:1)
  2 hobgoblins
  3 kobolds (D:1)
  2 quokkas (D:1)
  A ball python (D:2)
  2 frilled lizards (D:1)
  A rat (D:1)
15 creatures vanquished.

Notes
Turn   | Place    | Note
-------+----------+-------------------------------------------
     0 | D:1      | purpskrrrp the Gnoll Wanderer began the quest for the Orb.
     0 | D:1      | purpskrrrp set off with the following items: a +1 trident,
                  | a wand of polymorph (7), a potion of lignification, a +0
                  | leather armour.
     0 | D:1      | Reached XP level 1. HP: 23/23 MP: 1/1
   416 | D:1      | Reached XP level 2. HP: 29/29 MP: 2/2
   859 | D:2      | Slain by a worm

Illustrated notes

Levels and vault maps discovered:
D:1:      nicolae_arrival_washed_ashore, layout_loops_ring
D:2:      layout_rooms

Action                   || total
-------------------------++-------
Melee: Trident           ||     9
       Whip              ||    34
       Bite              ||     5
  Use: Scroll            ||     1
Armor: Leather armour    ||    13
Dodge: Dodged            ||    28

Table legend: (Time is in decaauts)
 A = Elapsed time spent in this place.
 B = Non-inter-level travel time spent in this place.
 C = Inter-level travel time spent in this place.
 D = Time resting spent in this place.
 E = Time spent auto-exploring this place.
 F = Levels seen in this place.
 G = Mean time per level.
                   A        B        C        D        E       F      G
               +--------+--------+--------+--------+--------+-----+--------+
         Total |    861 |    825 |     36 |     53 |    669 |   2 |  430.5 |
       Dungeon |    861 |    825 |     36 |     53 |    669 |   2 |  430.5 |
               +--------+--------+--------+--------+--------+-----+--------+

Top non-repeatable levels by time:
     D:1: 814 daAuts
     D:2: 47 daAuts
